 Dungeon Crawl Stone Soup version 0.28.0 (webtiles) character file.

Game seed: 16993081363042285012

21099 danielguo94 the Severer (level 12, 0/107 HPs)
             Began as a Minotaur Berserker on Feb 11, 2022.
             Was an Elder of Trog.
             Slain by a balrug (11 damage)
             ... in a Gauntlet.
             The game lasted 00:20:46 (12044 turns).

danielguo94 the Severer (Minotaur Berserker)       Turns: 12044, Time: 00:20:47

Health: 0/107      AC: 16    Str: 24    XL:     12   Next: 51%
Magic:  12/12      EV: 13    Int:  4    God:    Trog [****..]
Gold:   770        SH:  6    Dex: 13    Spells: 11/11 levels left

rFire   + . .      SeeInvis .   o - +0 broad axe
rCold   x . .      Faith    .   t - +0 buckler
rNeg    . . .      Spirit   .   m - +0 scale mail
rPois   .          Reflect  .   (helmet restricted)
rElec   .          Harm     .   K - +2 cloak {Will+}
rCorr   .          Rampage  .   E - +2 pair of gloves
Will    +....      NoTele   +   (no boots)
Stlth   ..........              (no amulet)
HPRegen 0.27/turn               l - ring of fire
MPRegen 0.13/turn               (no ring)

@: on fire, on berserk cooldown, slowed, glowing, very slow
A: horns 2, retaliatory headbutt
a: Renounce Religion, Berserk, Trog's Hand, Brothers in Arms


You were in a Gauntlet.
You worshipped Trog.
Trog was greatly pleased with you.
You visited 1 branch of the dungeon, and saw 11 of its levels.
You also visited: Sewer, Ossuary, Bailey and Gauntlet.

You collected 907 gold pieces.
You spent 137 gold pieces at shops.

Inventory:

Hand Weapons
 o - a +0 broad axe (weapon)
 w - a +2 flail of holy wrath
 x - a +2 flail of protection
Missiles
 b - 339 stones (quivered)
 h - 2 boomerangs of dispersal
 B - 6 poisoned darts
Armour
 m - a +0 scale mail (worn)
 t - a +0 buckler (worn)
 E - a +2 pair of gloves (worn)
 K - a +2 cloak of willpower (worn)
Jewellery
 l - a ring of fire (left hand)
Wands
 D - a wand of iceblast (2)
 I - a wand of polymorph (3)
 J - a wand of acid (5)
Scrolls
 d - 8 scrolls of teleportation
 f - a scroll of brand weapon {unknown}
 n - 3 scrolls of fear
 p - 3 scrolls of blinking
 q - 2 scrolls of fog
 r - 2 scrolls of enchant weapon {unknown}
 y - a scroll of immolation {unknown}
 z - 3 scrolls of magic mapping {unknown}
 F - a scroll of silence {unknown}
 G - a scroll of summoning {unknown}
Potions
 a - 2 potions of cancellation {unknown}
 c - 4 potions of haste
 e - 2 potions of ambrosia
 g - 4 potions of heal wounds
 i - a potion of invisibility {unknown}
 j - 3 potions of lignification
 k - 5 potions of curing
 s - 6 potions of mutation
 u - a potion of berserk rage {unknown}
 v - 2 potions of magic
 A - 2 potions of flight
 C - 2 potions of might {unknown}
 H - a potion of resistance


   Skills:
 + Level 10.4 Fighting
 + Level 15.0(15.2) Axes
 + Level 3.4(10.4) Maces & Flails
 + Level 11.1 Armour
 + Level 7.5 Dodging
 + Level 7.7 Shields
 + Level 2.6 Invocations
 + Level 2.7 Evocations


You had 11 spell levels left.
You didn't know any spells.
Your spell library contained the following spells:

 Spells                   Type           Power      Damage    Failure   Level
 Blink                    Tloc           0%         N/A       91%         2
 Lesser Beckoning         Tloc           0%         N/A       99%         3
 Manifold Assault         Tloc           0%         N/A       100%        5


Dungeon Overview and Level Annotations

Branches:
Dungeon (11/15)            Temple (0/1) D:6            Lair (0/6) D:10
    Orc (0/2) D:10          Sewer (visited)         Ossuary (visited)
 Bailey (visited)         Gauntlet (1/1)

Altars:
Elyvilon
Nemelex Xobeh

Shops:
D:2 *?=:   D:5 :

Annotations:
Gauntlet 9 transporters, 5 runed translucent doors


Innate Abilities, Weirdness & Mutations

You have a pair of horns on your head.
You reflexively headbutt those who attack you in melee.


Message History

The fireball explodes!
The fireball engulfs you!! You resist.
You feel a strong urge to attack something.
The balrug gestures at you. The sticky flame hits you. You resist.
You are covered in liquid flames!
There is a transporter landing site here.
You are covered in liquid flames!
You are no longer berserk.
You are exhausted.
You feel yourself slow down.
Unknown command.
Unknown command.
Unknown command.
You barely miss the balrug. Your headbutt misses the balrug.
You are covered in liquid flames!
The balrug hits you but does no damage. You block the balrug's attack.
Unknown command.
You hit the balrug but do no damage.
You are covered in liquid flames!
The balrug gestures at you.
The sticky flame hits you but does no damage.
You are covered in liquid flames!
The balrug hits you with a +1 demon whip of electrocution!
You are engulfed in flames!
You resist.
You slice the balrug!!
The balrug is moderately wounded.
You are covered in liquid flames!
The balrug misses you.
Unknown command.
You slice the balrug!! You headbutt the balrug!
The balrug is severely wounded.
You are covered in liquid flames!
The balrug hits you with a +1 demon whip of electrocution!!
* * * LOW HITPOINT WARNING * * *
You are engulfed in flames!
You resist.
* * * LOW HITPOINT WARNING * * *
The balrug hits you with a +1 demon whip of electrocution!
* * * LOW HITPOINT WARNING * * *
You are engulfed in flames!
You resist.
You die...

##################..###
.....©...........#...§#
.....©.........©.#...###
####################..≈#
.#.......#.#.##.##.#..##
.#..####.#.##.†#..##..≈#
.#.#...#t#.###.##.##..##
.#.#.©.#.#.#..#©^#.#..≈#
.#.#...#.#.##.##@###..##
.#.####..#.#"#..#2?#..≈#
.#t[.©!=.#.#.##©##$#..##
.#########.#########..≈#
......................##
...8.∩.8.....§§§§§....≈#
############≈#§#≈#§#≈###
#.........############
...©.©.©...#


You could see a balrug.

Vanquished Creatures
  An orc warlord (Bailey)
  Pikel (D:8)
  A manticore (D:10)
  A worldbinder (Gauntlet)
  4 gargoyles (D:7)
  An unseen horror (D:11)
  Psyche (D:11)
  2 trolls
  A hornet (D:10)
  A meliai zombie (D:11)
  A vampire (D:9)
  Eustachio (D:6)
  Grum (D:11)
  3 yaks (D:10)
  Menkaure (D:6)
  2 swamp worms (Gauntlet)
  Duvessa (D:5)
  2 hell hounds (Gauntlet)
  12 orc warriors
  3 ogres
  A black bear (D:5)
  A necrophage (D:8)
  3 boggarts (Gauntlet)
  6 wolves
  A lemure (D:8)
  An elf zombie (Ossuary)
  2 bullfrogs
  2 gnoll sergeants
  Dowan (D:5)
  14 killer bees
  3 wights (D:8)
  2 howler monkeys (D:7)
  2 electric eels (D:10)
  6 centaur zombies
  A bullfrog zombie (D:5)
  7 orc priests
  5 hounds
  3 jellies
  A gnoll shaman (D:5)
  Terence (D:2)
  A hell rat (Sewer)
  3 iguanas
  3 orc wizards
  A hound zombie (D:5)
  A hound skeleton (D:5)
  A howler monkey zombie (D:7)
  2 mummies (Ossuary)
  16 gnolls
  13 adders
  A river rat (D:4)
  A white imp (D:7)
  An ufetubus (D:5)
  2 adder zombies (Ossuary)
  An adder skeleton (D:4)
  2 worms (D:2)
  24 orcs
  5 endoplasms
  5 giant cockroaches
  18 goblins
  12 hobgoblins
  3 jackals (D:3)
  6 quokkas
  5 ball pythons
  5 bats
  2 frilled lizards (D:1)
  2 goblin zombies (Ossuary)
  7 hobgoblin zombies (Ossuary)
  4 jackal zombies (Ossuary)
  5 kobolds
  9 kobold zombies (Ossuary)
  9 orc zombies (Ossuary)
  11 rats
285 creatures vanquished.

Vanquished Creatures (collateral kills)
  2 orc knights (Bailey)
  2 orc warriors (Bailey)
  2 gnolls (Bailey)
  A goblin (Bailey)
7 creatures vanquished.

Grand Total: 292 creatures vanquished

Notes
Turn   | Place    | Note
-------+----------+-------------------------------------------
     0 | D:1      | danielguo94 the Minotaur Berserker began the quest for the
                  | Orb.
     0 | D:1      | Reached XP level 1. HP: 19/19 MP: 0/0
   222 | D:1      | Found a faded altar of an unknown god.
   263 | D:1      | Reached skill level 4 in Axes
   263 | D:1      | Reached XP level 2. HP: 27/27 MP: 1/1
   609 | D:1      | You fall into a shaft and drop 1 floor!
   609 | D:2      | Found Cuci's Assorted Antiques.
   735 | D:2      | Bought a pink potion for 19 gold pieces
   735 | D:2      | Bought a purple potion for 19 gold pieces
   782 | D:2      | Reached XP level 3. HP: 33/33 MP: 2/2
  1448 | D:2      | Noticed Terence
  1452 | D:2      | Killed Terence
  1453 | D:2      | Reached XP level 4. HP: 41/41 MP: 3/3
  1548 | D:2      | Found Exosiqit's Book Shoppe.
  1628 | D:2      | Reached skill level 5 in Axes
  1681 | D:2      | Found Korogg's Magic Scroll Emporium.
  1694 | D:2      | Bought a scroll of noise for 11 gold pieces
  1944 | D:2      | Found Fulen's Jewellery Emporium.
  2414 | D:3      | Reached XP level 5. HP: 47/47 MP: 4/4
  2544 | D:3      | Reached ** piety under Trog
  3074 | D:2      | Bought a scroll of identify for 44 gold pieces
  3074 | D:2      | Bought a scroll of identify for 44 gold pieces
  3442 | D:4      | Found a glowing drain.
  3447 | Sewer    | Entered a sewer
  3461 | Sewer    | Reached skill level 6 in Axes
  3594 | D:4      | Reached XP level 6. HP: 43/55 MP: 5/5
  3644 | D:4      | Identified the +6 arbalest "Pohaulib" {penet, Drain rElec
                  | Str+3}
  3682 | D:4      | Reached skill level 5 in Fighting
  3942 | D:5      | Entered Level 5 of the Dungeon
  3953 | D:5      | Reached skill level 1 in Shields
  3968 | D:5      | Found Dupaw's Book Boutique.
  4005 | D:5      | Reached XP level 7. HP: 49/61 MP: 6/6
  4050 | D:5      | Found a sand-covered staircase.
  4059 | D:5      | Reached skill level 7 in Axes
  4065 | Ossuary  | Entered an ossuary
  4128 | Ossuary  | Reached skill level 5 in Armour
  4165 | Ossuary  | Reached *** piety under Trog
  4434 | D:5      | Noticed Dowan
  4461 | D:5      | Killed Dowan
  4470 | D:5      | Noticed Duvessa
  4483 | D:5      | Killed Duvessa
  4484 | D:5      | Reached skill level 8 in Axes
  4484 | D:5      | Reached XP level 8. HP: 70/70 MP: 7/7
  5361 | D:6      | Noticed Eustachio
  5393 | D:6      | Killed Eustachio
  5441 | D:6      | Reached skill level 9 in Axes
  5477 | D:6      | Noticed a troll
  5490 | D:6      | Killed a troll
  5783 | D:6      | Noticed Menkaure
  5798 | D:6      | Killed Menkaure
  5799 | D:6      | Reached XP level 9. HP: 60/77 MP: 8/8
  6006 | D:6      | Found a staircase to the Ecumenical Temple.
  6670 | D:7      | Reached skill level 10 in Axes
  7192 | D:7      | Noticed a gargoyle
  7197 | D:7      | Killed a gargoyle
  7198 | D:7      | Reached skill level 5 in Dodging
  7203 | D:7      | Noticed a gargoyle
  7416 | D:7      | Killed a gargoyle
  7418 | D:7      | Noticed a gargoyle
  7422 | D:7      | Killed a gargoyle
  7423 | D:7      | Reached skill level 11 in Axes
  7471 | D:7      | Noticed a gargoyle
  7478 | D:7      | Killed a gargoyle
  7637 | D:7      | Reached skill level 5 in Shields
  7822 | D:8      | Reached XP level 10. HP: 40/86 MP: 9/9
  8102 | D:8      | Noticed Pikel
  8115 | D:8      | Killed Pikel
  8124 | D:8      | Reached skill level 12 in Axes
  8519 | D:9      | Reached **** piety under Trog
  9710 | D:10     | Entered Level 10 of the Dungeon
  9733 | D:10     | Found a sparkling altar of Nemelex Xobeh.
  9813 | D:10     | Reached skill level 13 in Axes
  9855 | D:10     | Found a staircase to the Lair.
  9900 | D:10     | Found a white marble altar of Elyvilon.
  9926 | D:10     | Found a staircase to the Orcish Mines.
  9941 | D:10     | Noticed a manticore
  9956 | D:10     | Killed a manticore
 10144 | D:10     | Found a flagged portal.
 10161 | Bailey   | Entered a bailey
 10300 | Bailey   | Reached skill level 10 in Armour
 10516 | Bailey   | Reached ***** piety under Trog
 10595 | Bailey   | Reached XP level 11. HP: 67/95 MP: 10/10
 10709 | Bailey   | Noticed an orc knight
 10709 | Bailey   | Noticed an orc knight
 10718 | Bailey   | Killed an orc knight
 10719 | Bailey   | Killed an orc knight
 10749 | Bailey   | Noticed an orc warlord
 10772 | Bailey   | Killed an orc warlord
 10773 | Bailey   | Reached skill level 14 in Axes
 10959 | Bailey   | Reached skill level 10 in Fighting
 10959 | Bailey   | Reached XP level 12. HP: 100/106 MP: 10/12
 11391 | D:11     | Noticed Grum
 11403 | D:11     | Killed Grum
 11469 | D:11     | Found a gate leading to a gauntlet.
 11469 | D:11     | Noticed Psyche
 11477 | D:11     | Killed Psyche
 11486 | Gauntlet | Entered a Gauntlet
 11486 | Gauntlet | Found a transporter.
 11486 | Gauntlet | Found a transporter.
 11492 | Gauntlet | Found a transporter.
 11493 | Gauntlet | Found a runed translucent door.
 11493 | Gauntlet | Found a runed translucent door.
 11504 | Gauntlet | Found a transporter.
 11522 | Gauntlet | Found a transporter.
 11522 | Gauntlet | Found a transporter.
 11522 | Gauntlet | Found a transporter.
 11524 | Gauntlet | Found a transporter.
 11524 | Gauntlet | Found a transporter.
 11530 | Gauntlet | Noticed a balrug
 11539 | Gauntlet | Found a transporter.
 11554 | Gauntlet | Found a transporter.
 11563 | Gauntlet | Found a runed translucent gate.
 11564 | Gauntlet | Found a transporter.
 11564 | Gauntlet | Found a runed translucent gate.
 11565 | Gauntlet | Found a runed translucent gate.
 11567 | Gauntlet | Noticed a death yak
 11567 | Gauntlet | Noticed a death yak
 11568 | Gauntlet | Noticed a death yak
 11579 | Gauntlet | Found a transporter.
 11599 | Gauntlet | Found a transporter.
 11716 | Gauntlet | Noticed a death scarab
 11745 | Gauntlet | Reached skill level 15 in Axes
 12044 | Gauntlet | Slain by a balrug

Illustrated notes

Levels and vault maps discovered:
D:1:      erik_arrival_blinker_ship, layout_loops_corners,
          shapermc_ecumenical_altar_mp_ritualfount, skrybe_limestone_x
D:2:      layout_basic, serial_shops, shop, shop, shop, shop, uniq_terence
D:3:      layout_loops_corners, minmay_bisected
D:4:      layout_basic, gup_sewer_entry_bowl, corexii_leaking_fountain
D:5:      layout_basic, serial_shops, nicolae_stop_n_shop_2,
          lightli_ossuary_entry_decrepit_ruins, corexii_shack,
          chequers_serial_rivers_marsh, minmay_misc_feat_tower, uniq_duvessa
D:6:      minmay_cornered_nines, layout_basic,
          minmay_temple_entry_enclosed_plants, uniq_menkaure, uniq_eustachio
D:7:      cheibrodos_statue_roulette, layout_basic
D:8:      layout_cave_pools, uniq_pikel
D:9:      layout_roguey, chequers_serial_rivers_micro_a
D:10:     layout_irregular_city, nicolae_elyvilon_peaceful_grove,
          mainiacjoe_overflow_concentric_impassable, erik_lair_island,
          orc_0_dummy, enter_bailey_3
D:11:     layout_roguey, nicolae_trove_entry_isolated, gauntlet_entry_generic,
          nicolae_concentric_dashed_squares_mild,
          grunt_dithmenos_smoke_and_mirrors, uniq_psyche, uniq_grum
Gauntlet: gammafunk_gauntlet_mixed_choke_point
          [minmay_gauntlet_arena_77_double_cross,
          minmay_gauntlet_arena_77_block_sizes,
          minmay_gauntlet_arena_77_cramped, nicolae_gauntlet_arena_grate_2,
          minmay_gauntlet_arena_77_run_for_it, minmay_gauntlet_arena_77_box,
          minmay_gauntlet_arena_77_tiled_triplets, gauntlet_exit_hidden_loot]

Skill      XL: |  1  2  3  4  5  6  7  8  9 10 11 12 |
---------------+-------------------------------------+-----
Axes           | 4 5 6 8 9 11 13 14 15 | 15.0
Fighting       | 4 5 6 7 8 10 | 10.4
Dodging        | 3 4 5 6 7 |  7.5
Armour         | 3 4 5 6 8 10 11 | 11.1
Shields        | 1 3 4 5 6 7 |  7.7
Maces & Flails | 3 |  3.4
Invocations    | 2 |  2.6
Evocations     | 2 |  2.7

Action                   |  1- 3 |  4- 6 |  7- 9 | 10-12 || total
-------------------------+-------+-------+-------+-------++-------
Melee: Hand axe          |    66 |   160 |   249 |       ||   475
       Headbutt          |     6 |    19 |    59 |    75 ||   159
       Punch             |       |     1 |       |       ||     1
       War axe           |       |       |    67 |   106 ||   173
       Broad axe         |       |       |       |   237 ||   237
Invok: Berserk           |     3 |     5 |    10 |     8 ||    26
       Trog's Hand       |       |       |     1 |     1 ||     2
       Brothers in Arms  |       |       |       |     1 ||     1
  Use: Scroll            |     1 |     6 |     6 |     2 ||    15
       Potion            |       |       |     1 |     5 ||     6
Armor: Animal skin       |     6 |       |       |       ||     6
       Ring mail         |     6 |       |       |       ||     6
       Robe              |     1 |       |       |       ||     1
       Scale mail        |       |    60 |   105 |   129 ||   294
       Skin              |       |       |       |     7 ||     7
Dodge: Dodged            |    35 |    75 |   135 |   185 ||   430
Block: Buckler           |       |     1 |    55 |    85 ||   141
